 Dungeon Crawl Stone Soup version 0.29-a0-284-gf9362112df (webtiles) character file.

Game seed: 5260811197761210634

7 Hubjo the Vexing (level 1, -2/14 HPs)
             Began as a Demonspawn Enchanter on Mar 21, 2022.
             Slain by a goblin
             ... wielding a +0 dagger
              (3 damage)
             ... on level 1 of the Dungeon.
             The game lasted 00:00:31 (370 turns).

Hubjo the Vexing (Demonspawn Enchanter)              Turns: 370, Time: 00:00:33

Health: -2/14      AC:  2    Str:  8    XL:     1   Next: 91%
Magic:  3/3        EV: 12    Int: 16    God:
Gold:   19         SH:  0    Dex: 13    Spells: 4/4 levels left

rFire   . . .      SeeInvis .   a - +1 dagger
rCold   . . .      Faith    .   (no shield)
rNeg    . . .      Spirit   .   b - +0 robe
rPois   .          Reflect  .   (no helmet)
rElec   .          Harm     .   (no cloak)
rCorr   .          Rampage  .   (no gloves)
Will    .....                   (no boots)
Stlth   ++........              (no amulet)
HPRegen 0.04/turn               (no ring)
MPRegen 0.08/turn               (no ring)

@: no status effects
A: no striking features
a: no special abilities


You were on level 1 of the Dungeon.
You visited 1 branch of the dungeon, and saw 1 of its levels.

You collected 19 gold pieces.

Inventory:

Hand Weapons
 a - a +1 dagger (weapon)
Armour
 b - a +0 robe (worn)
Potions
 c - 2 potions of invisibility
 d - a potion of lignification {unknown}
 e - a potion of might {unknown}


   Skills:
 * Level 0.8 Fighting
 - Level 0.8 Short Blades
 - Level 1.7 Dodging
 * Level 2.9 Stealth
 + Level 2.1 Spellcasting
 + Level 3.0 Hexes


You had 4 spell levels left.
You didn't know any spells.
Your spell library contained the following spells:

 Spells                   Type           Power      Damage    Failure   Level
 Ensorcelled Hibernation  Hex/Ice        12%        N/A       17%         2
 Confusing Touch          Hex            11%        N/A       17%         3
 Tukima's Dance           Hex            11%        N/A       17%         3
 Dazzling Flash           Conj/Hex       12%        N/A       32%         3


Dungeon Overview and Level Annotations

Branches:
Dungeon (1/15)

Altars:


Message History

The endoplasm is moderately wounded.
The endoplasm misses you.
You barely miss the endoplasm.
The endoplasm is moderately wounded.
The frilled lizard hisses angrily.
The endoplasm freezes you.
You are frozen.
You hit the endoplasm.
You kill the endoplasm!
A rat comes into view.
A goblin comes into view. It is wielding a +0 dagger.
You barely miss the frilled lizard. The frilled lizard barely misses you.
You closely miss the frilled lizard.
The endoplasm hits you but does no damage.
The frilled lizard barely misses you.
You barely miss the frilled lizard. The endoplasm closely misses you.
The frilled lizard bites you but does no damage.
The goblin shouts!
You hit the frilled lizard.
The frilled lizard is heavily wounded.
The endoplasm hits you. The frilled lizard bites you.
You hit the frilled lizard.
You kill the frilled lizard!
The endoplasm freezes you.
You are frozen.
You hit the rat but do no damage. The rat barely misses you.
The endoplasm hits you.
You are too injured to fight recklessly!
You closely miss the rat. The rat closely misses you.
The endoplasm completely misses you.
A hobgoblin comes into view.
You closely miss the rat. The rat barely misses you. The endoplasm misses you.
The hobgoblin shouts!
You hit the rat.
You kill the rat!
The endoplasm freezes you.
You are frozen.
* * * LOW HITPOINT WARNING * * *
The goblin hits you with a +0 dagger.
You die...

##.##....####
#....#........
############.....######.
#............#...#
............##.#..##
.........?.....##...#
..............## ##)..
......g.......# ##.##
......>@......# #...
......J.......# ###.
............#.# #### ##
.....................##.
....####..###.### #....
..g. #.## .# #.... ...
#.# # #.### .. .# #.. #
... ##


You could see an endoplasm, a hobgoblin and a goblin.

Vanquished Creatures
  A bat (D:1)
  An endoplasm (D:1)
  A goblin (D:1)
  A kobold (D:1)
  A ball python (D:1)
  A frilled lizard (D:1)
  2 rats (D:1)
8 creatures vanquished.

Notes
Turn   | Place    | Note
-------+----------+-------------------------------------------
     0 | D:1      | Hubjo the Demonspawn Enchanter began the quest for the Orb.
     0 | D:1      | Reached XP level 1. HP: 13/13 MP: 3/3
   370 | D:1      | Slain by a goblin

Illustrated notes

Levels and vault maps discovered:
D:1:      dpeg_arrival_stone_temple_mockup, layout_rooms, minmay_tiny_reverse_x

Action                   || total
-------------------------++-------
Melee: Dagger            ||    34
       Punch             ||     1
Armor: Robe              ||     8
Dodge: Dodged            ||    24

Table legend: (Time is in decaauts)
 A = Elapsed time spent in this place.
 B = Non-inter-level travel time spent in this place.
 C = Inter-level travel time spent in this place.
 D = Time resting spent in this place.
 E = Time spent auto-exploring this place.
 F = Levels seen in this place.
 G = Mean time per level.
                   A        B        C        D        E       F      G
               +--------+--------+--------+--------+--------+-----+--------+
         Total |    368 |    368 |      0 |      0 |    272 |   1 |  368.0 |
       Dungeon |    368 |    368 |      0 |      0 |    272 |   1 |  368.0 |
               +--------+--------+--------+--------+--------+-----+--------+

Top non-repeatable levels by time:
     D:1: 368 daAuts
